 Dungeon Crawl Stone Soup version 0.29-a0-284-gf9362112df (webtiles) character file.

Game seed: 10837335102191458797

37 sammy202020 the Skirmisher (level 3, -4/31 HPs)
             Began as a Palentonga Berserker on Mar 28, 2022.
             Was a Follower of Trog.
             Slain by Sigmund
             ... wielding a +0 scythe
              (6 damage)
             ... on level 2 of the Dungeon.
             The game lasted 00:02:28 (1468 turns).

sammy202020 the Skirmisher (Palentonga Berserker)   Turns: 1468, Time: 00:02:29

Health: -4/31      AC:  6    Str: 20    XL:     3   Next: 23%
Magic:  3/3        EV:  8    Int:  9    God:    Trog [*.....]
Gold:   48         SH:  0    Dex:  9    Spells: 2/2 levels left

rFire   . . .      SeeInvis +   a - +0 hand axe
rCold   . . .      Faith    .   (no shield)
rNeg    . . .      Spirit   .   h - +0 scale mail
rPois   .          Reflect  .   (no helmet)
rElec   .          Harm     .   (no cloak)
rCorr   .          Rampage  .   (no gloves)
Will    .....                   (no barding)
Stlth   ..........              (no amulet)
HPRegen 0.10/turn               (no ring)
MPRegen 0.08/turn               (no ring)

@: on berserk cooldown, flying, slowed, very slow
A: large, rugged brown scales 3, see invisible, deformed body, roll 1, armoured
tail
a: Rolling Charge, Renounce Religion, Berserk


You were on level 2 of the Dungeon.
You worshipped Trog.
Trog was aware of your devotion.
You visited 1 branch of the dungeon, and saw 2 of its levels.

You collected 48 gold pieces.

Inventory:

Hand Weapons
 a - a +0 hand axe (weapon)
 j - a +0 flail
Armour
 h - a +0 scale mail (worn)
Jewellery
 c - a ring of protection from fire
 i - a ring of ice
Scrolls
 b - a scroll of enchant weapon {unknown}
 d - a scroll of identify {unknown}
 f - a scroll of blinking {unknown}
Potions
 e - a potion of flight


   Skills:
 * Level 3.6 Fighting
 * Level 3.6 Axes
 + Level 1.9 Armour
 - Level 1.5 Dodging


You had 2 spell levels left.
You didn't know any spells.
Your spell library was empty.

Dungeon Overview and Level Annotations

Branches:
Dungeon (2/15)

Altars:

Annotations:
D:2 Sigmund


Innate Abilities, Weirdness & Mutations

You are completely covered in rugged brown scales. (AC +3, +7% HP)
You have supernaturally acute eyesight. (SInv)
Armour fits poorly on your strangely shaped body.
You can roll at nearby foes to attack.
You have a long armoured tail.


Message History

You feel less confused. The ball python barely misses you.
Sigmund barely misses you. The ball python barely misses you.
Sigmund barely misses you.
You hit the ball python.
You kill the ball python!
Trog accepts your kill. Sigmund completely misses you.
Sigmund closely misses you.
You see here a ball python corpse.
You hit Sigmund. You tail-slap Sigmund!
Sigmund is moderately wounded.
Sigmund closely misses you.
You hit Sigmund.
You tail-slap Sigmund, but do no damage.
Sigmund is moderately wounded.
Sigmund hits you but does no damage.
You hit Sigmund.
Sigmund is heavily wounded.
Sigmund hits you with a +0 scythe!
* * * LOW HITPOINT WARNING * * *
Okay, then.
It was a potion of flight.
You feel very buoyant.
You fly up into the air.
Sigmund hits you but does no damage.
Okay, then.
It was a potion of curing.
You feel better. Sigmund hits you with a +0 scythe.
* * * LOW HITPOINT WARNING * * *
You closely miss Sigmund.
Sigmund is heavily wounded.
Sigmund closely misses you.
You hit Sigmund.
Sigmund is severely wounded.
Sigmund hits you with a +0 scythe!
* * * LOW HITPOINT WARNING * * *
Okay, then.
You hit Sigmund.
Sigmund is almost dead.
Sigmund says, "I'm your fate." Sigmund hits you with a +0 scythe.
You die...

##..#.###...#....##
##.#.#.#...#.....#
###.#.#.#.....#...# #
#.......#.#.###.###.###.
###.#.###.#............^
#...# #.....##.##.##..
##..# #####.#...#.#...
#.># #.....†...... ####
#...@(...##..
#...@........
#........###.
#.............
#.......###### #.......#
#.......# #.......#
#......)#


You could see Sigmund.

Vanquished Creatures
  2 dart slugs
  3 ball pythons
  3 endoplasms
  A giant cockroach (D:1)
  5 hobgoblins
  2 jackals (D:1)
  4 bats (D:1)
  A frilled lizard (D:1)
  4 goblins
  5 rats
30 creatures vanquished.

Vanquished Creatures (others)
  A plant (D:1)
1 creature vanquished.

Grand Total: 31 creatures vanquished

Notes
Turn   | Place    | Note
-------+----------+-------------------------------------------
     0 | D:1      | sammy202020 the Palentonga Berserker began the quest for
                  | the Orb.
     0 | D:1      | Reached XP level 1. HP: 19/19 MP: 1/1
   360 | D:1      | Reached XP level 2. HP: 17/25 MP: 2/2
  1159 | D:2      | Reached XP level 3. HP: 17/31 MP: 3/3
  1361 | D:2      | Found a faded altar of an unknown god.
  1434 | D:2      | Identified the ring "Sisun" {*Corrode Will++ Str+3 Int+4
                  | Slay+4}
  1444 | D:2      | Noticed Sigmund
  1463 | D:2      | HP: 1/31 [Sigmund/+0 scythe (7)]
  1468 | D:2      | Slain by Sigmund

Illustrated notes

Levels and vault maps discovered:
D:1:      eino_arrival_druids_welcome, layout_rooms
D:2:      layout_basic, hellmonk_ecumenical_altar_crossroads, serial_curves,
          eino_curves_04, eino_curves_04, uniq_sigmund, uniq_jessica,
          uniq_terence

Action                   || total
-------------------------++-------
Melee: Hand axe          ||    85
       Tailslap          ||    11
Invok: Berserk           ||     2
  Use: Potion            ||     2
Armor: Ring mail         ||    39
       Scale mail        ||    15
Dodge: Dodged            ||    54

Table legend: (Time is in decaauts)
 A = Elapsed time spent in this place.
 B = Non-inter-level travel time spent in this place.
 C = Inter-level travel time spent in this place.
 D = Time resting spent in this place.
 E = Time spent auto-exploring this place.
 F = Levels seen in this place.
 G = Mean time per level.
                   A        B        C        D        E       F      G
               +--------+--------+--------+--------+--------+-----+--------+
         Total |   1492 |   1492 |      0 |     35 |   1180 |   2 |  746.0 |
       Dungeon |   1492 |   1492 |      0 |     35 |   1180 |   2 |  746.0 |
               +--------+--------+--------+--------+--------+-----+--------+

Top non-repeatable levels by time:
     D:1: 1146 daAuts
     D:2: 345 daAuts
